 Dungeon Crawl Stone Soup version 0.29.1-15-g9cfb28693d (webtiles) character file.

Game seed: 17101664913911395088

23837 eerikki the Fighter (level 12, 0/115 HPs)
             Began as a Minotaur Berserker on Mar 9, 2023.
             Was a Believer of Trog.
             Slain by an ice devil (1 damage)
             ... in an ice cave.
             The game lasted 01:03:12 (16273 turns).

eerikki the Fighter (Minotaur Berserker)           Turns: 16273, Time: 01:03:12

Health: 0/115      AC: 19    Str: 25    XL:     12   Next: 75%
Magic:  11/11      EV: 13    Int:  4    God:    Trog [**....]
Gold:   723        SH:  4    Dex: 18    Spells: 11/11 levels left

rFire   . . .      SeeInvis .   W - +3 hand axe
rCold   + . .      Faith    .   r - +0 buckler {rC+}
rNeg    . . .      Spirit   .   S - +0 plate armour
rPois   .          Reflect  .   (helmet restricted)
rElec   .          Harm     .   (no cloak)
rCorr   .          Rampage  .   (no gloves)
Will    ++...                   (no boots)
Stlth   ..........              (no amulet)
HPRegen 1.29/turn               z - +4 ring of protection
MPRegen 0.12/turn               J - +6 ring of dexterity

@: strong-willed, on berserk cooldown, regenerating, hasted and slowed
A: horns 2, retaliatory headbutt
a: Renounce Religion, Berserk, Trog's Hand


You were in an ice cave.
You worshipped Trog.
Trog was pleased with you.
You visited 2 branches of the dungeon, and saw 14 of its levels.
You also visited: Ice Cave.

You collected 723 gold pieces.

Inventory:

Hand Weapons
 a - a +0 great mace of protection
 D - a +2 trident of venom
 E - a +1 demon whip of venom
 K - a +5 trident of freezing
 O - a +2 great sword
 R - a +0 hand axe of flaming
 U - a +4 trident
 W - a +3 hand axe (weapon)
 X - a +4 whip
Missiles
 h - 94 stones (quivered)
Armour
 r - a +0 buckler of cold resistance (worn)
 y - a +1 cloak of stealth
 S - a +0 plate armour (worn)
 T - a +2 cloak
Magical Staves
 e - a staff of death
 k - a staff of conjuration
Jewellery
 z - a +4 ring of protection (left hand)
 J - a +6 ring of dexterity (right hand)
Wands
 v - a wand of charming (7)
 F - a wand of flame (21)
 Q - a wand of acid (8)
 Y - a wand of iceblast (6)
Scrolls
 b - a scroll of silence {unknown}
 c - 3 scrolls of poison
 d - a scroll of vulnerability
 f - a scroll of magic mapping {unknown}
 g - 4 scrolls of blinking {unknown}
 j - 2 scrolls of fear {unknown}
 m - 12 scrolls of identify {unknown}
 n - 6 scrolls of enchant weapon {unknown}
 u - 7 scrolls of teleportation {unknown}
 w - a scroll of enchant armour {unknown}
 C - 2 scrolls of summoning {unknown}
 H - 3 scrolls of immolation {unknown}
 I - 4 scrolls of noise {unknown}
 M - a scroll of acquirement {unknown}
 N - 3 scrolls of amnesia {unknown}
Potions
 i - 7 potions of lignification {unknown}
 l - 2 potions of berserk rage {unknown}
 o - 3 potions of degeneration {unknown}
 p - 3 potions of attraction {unknown}
 q - 6 potions of curing {unknown}
 s - 2 potions of haste
 t - 4 potions of heal wounds {unknown}
 x - a potion of magic {unknown}
 A - 2 potions of mutation {unknown}
 G - 3 potions of might {unknown}
 V - 2 potions of invisibility {unknown}
Miscellaneous
 Z - a phantom mirror


   Skills:
 * Level 13.5 Fighting
 * Level 13.4 Axes
 * Level 13.1 Armour
 * Level 12.1 Dodging


You had 11 spell levels left.
You didn't know any spells.
Your spell library contained the following spells:

 Spells                   Type           Power      Damage    Failure   Level
 Apportation              Tloc           0%         N/A       100%        1
 Magic Dart               Conj           0%         1d3       100%        1
 Call Imp                 Summ           0%         N/A       100%        2
 Static Discharge         Conj/Air       0%         3-3/arc   100%        2
 Gell's Gravitas          Tloc           0%         N/A       100%        3
 Lesser Beckoning         Tloc           0%         N/A       100%        3
 Mephitic Cloud           Conj/Pois/Air  0%         N/A       100%        3
 Teleport Other           Tloc           0%         N/A       100%        3
 Dispel Undead            Necr           0%         3d6       100%        4
 Sticky Flame             Conj/Fire      0%         2d3       100%        4
 Alistair's Intoxication  Tmut/Pois      0%         N/A       100%        5
 Borgnjor's Revivificati  Necr           0%         N/A       100%        8
 Necromutation            Tmut/Necr      0%         N/A       100%        8
 Death's Door             Necr           0%         N/A       100%        9


Dungeon Overview and Level Annotations

Branches:
Dungeon (11/15)            Temple (0/1) D:7            Lair (3/5) D:11
 Shoals (0/4) Lair:2        IceCv (1/1)
  Snake: Lair:2-3    Spider: Lair:2-3       Orc: D:9-12

Altars:
Fedhas
Hepliaklqana
Trog
Wu Jian
Yredelemnul

Shops:
D:2 =[*[   D:5 :   D:6 *   D:7 =   D:9 =   D:10 !

Annotations:
D:10 6 transporters
Lair:3 1 runed translucent door


Innate Abilities, Weirdness & Mutations

You have a pair of horns on your head.
You reflexively headbutt those who attack you in melee.


Message History

You headbutt the reaper, but do no damage.
You slash the reaper!
You headbutt the reaper, but do no damage.
The reaper is heavily wounded.
You slash the reaper! Your headbutt misses the reaper.
The reaper is heavily wounded.
You are no longer berserk.
You are exhausted.
You feel yourself slow down.
You hit the reaper but do no damage. You headbutt the reaper!
The reaper is severely wounded.
The reaper hits you with a +2 scythe of freezing!!
You hit the reaper.
The reaper is almost dead.
The reaper hits you with a +2 scythe of freezing!
You hit the reaper.
The reaper is almost dead.
The reaper hits you with a +2 scythe of freezing!
The reaper freezes you.
The reaper hits you with a +2 scythe of freezing.
The reaper hits you from afar with a +2 scythe of freezing!!
The reaper freezes you.
Your skin crawls.
You feel strong-willed. The ice devil closely misses you.
The reaper hits you from afar with a +2 scythe of freezing!
* * * LOW HITPOINT WARNING * * *
The ice devil hits you but does no damage.
The reaper hits you from afar with a +2 scythe of freezing!
* * * LOW HITPOINT WARNING * * *
The reaper freezes you.
* * * LOW HITPOINT WARNING * * *
You feel yourself speed up. The ice devil closely misses you.
You furiously retaliate!
You headbutt the ice devil!
The reaper hits you from afar with a +2 scythe of freezing!
* * * LOW HITPOINT WARNING * * *
The reaper freezes you.
* * * LOW HITPOINT WARNING * * *
The ice devil attacks as you move away! The ice devil hits you.
You die...

.... ..☼.§...# #..###.
#§.####.○☼#...#
##.#.##
#§☼...○.°.#...#
##....#
#○☼..≈°..#...###....##
#○§.#.°###....##....#.
#§§#.##......##)).##.
#☼§#2#.....#..##..#..
##4......###..####..
#..@.....# #...###.#
#.......## ##..#..##
##......# ##....#
#.....## ##..##
##...## #### ##.## ###


You could see a reaper and an ice devil.

Vanquished Creatures
  4 hydras
  A catoblepas (Lair:2)
  Amaemon (Lair:3)
  A wolf spider (Lair:2)
  A cyclops (D:11)
  13 elephants
  A manticore (Lair:2)
  2 ice statues (IceCv)
  An orange demon (Lair:3)
  A gargoyle (D:10)
  2 cane toads (Lair:2)
  2 rime drakes
  An unseen horror zombie (D:9)
  7 ice devils
  An unseen horror skeleton (D:9)
  A komodo dragon (D:9)
  A yaktaur (shapeshifter) (D:10)
  3 trolls
  5 blink frogs (Lair:1)
  A hornet (D:10)
  A wind drake (Lair:2)
  18 yaks
  A dire elephant simulacrum (IceCv)
  2 wyverns
  5 water moccasins
  3 black bears
  4 ice beasts
  2 sky beasts
  3 orc warriors
  8 wolves (Lair:2)
  A centaur (D:9)
  2 ogres
  A phantom (D:7)
  2 necrophages (D:5)
  A two-headed ogre simulacrum (IceCv)
  2 bullfrogs
  A gnoll sergeant (D:8)
  A scorpion (D:5)
  13 wights
  2 elephant simulacra (IceCv)
  A howler monkey (D:8)
  A jelly (D:4)
  A centaur skeleton (D:9)
  2 gnoll boudas
  3 orc priests
  3 hounds
  6 orc wizards
  2 spriggan simulacra (IceCv)
  A polar bear simulacrum (IceCv)
  5 troll simulacra (IceCv)
  2 wolf simulacra (IceCv)
  A spectral howler monkey (D:9)
  12 gnolls
  A howler monkey skeleton (D:9)
  4 adders
  3 naga simulacra (IceCv)
  2 white imps (IceCv)
  2 ufetubi (D:6)
  3 worms
  5 dart slugs
  23 orcs
  4 bats
  5 endoplasms
  A giant cockroach (D:3)
  9 hobgoblins
  3 kobolds
  2 quokkas
  4 ball pythons
  4 frilled lizards
  7 goblins
  17 rats
262 creatures vanquished.

Vanquished Creatures (others)
  2 fungi
  7 plants
9 creatures vanquished.

Grand Total: 271 creatures vanquished

Notes
Turn   | Place    | Note
-------+----------+-------------------------------------------
     0 | D:1      | eerikki the Minotaur Berserker began the quest for the Orb.
     0 | D:1      | Reached XP level 1. HP: 19/19 MP: 0/0
   259 | D:1      | Reached XP level 2. HP: 27/27 MP: 1/1
   598 | D:1      | Found a faded altar of an unknown god.
   907 | D:2      | Reached ** piety under Trog
   908 | D:2      | Reached XP level 3. HP: 22/33 MP: 2/2
  1289 | D:2      | Found Kydesk's Armour Shop.
  1617 | D:2      | Found Udut's Assorted Antiques.
  1880 | D:2      | Found Pappogho's Jewellery Boutique.
  1930 | D:2      | Found Dydin's Antique Armour Boutique.
  1949 | D:2      | Reached XP level 4. HP: 21/41 MP: 3/3
  3310 | D:4      | Noticed an ogre
  3323 | D:4      | Found a hazy altar of Hepliaklqana.
  3328 | D:4      | Found a bloodstained altar of Trog.
  3605 | D:4      | Killed an ogre
  3606 | D:4      | Reached skill level 5 in Fighting
  3606 | D:4      | Reached XP level 5. HP: 48/48 MP: 4/4
  3611 | D:4      | Reached skill level 5 in Axes
  4111 | D:5      | Entered Level 5 of the Dungeon
  4111 | D:5      | Found Nazojas's Book Shoppe.
  4131 | D:5      | Noticed an ice beast
  4137 | D:5      | Reached XP level 6. HP: 43/56 MP: 5/5
  4145 | D:5      | Killed an ice beast
  4414 | D:5      | Noticed an ice beast
  4424 | D:5      | Killed an ice beast
  4785 | D:5      | Reached XP level 7. HP: 62/63 MP: 6/6
  4790 | D:5      | Reached skill level 5 in Armour
  5521 | D:5      | Reached skill level 5 in Dodging
  6224 | D:6      | Found Emil's Assorted Antiques.
  6334 | D:6      | Reached XP level 8. HP: 71/71 MP: 7/7
  6483 | D:6      | Found a blossoming altar of Fedhas.
  6731 | D:7      | Found Zumnamp's Jewellery Shoppe.
  7022 | D:7      | Found a staircase to the Ecumenical Temple.
  7686 | D:8      | Reached XP level 9. HP: 59/81 MP: 8/8
  8090 | D:8      | Found a basalt altar of Yredelemnul.
  8815 | D:9      | Noticed a troll
  8829 | D:9      | Killed a troll
  8914 | D:9      | Found Faophuc's Jewellery Shoppe.
  8918 | D:9      | Noticed a komodo dragon
  8927 | D:9      | Killed a komodo dragon
  9315 | D:9      | Noticed a troll
  9319 | D:9      | Killed a troll
  9376 | D:9      | Reached XP level 10. HP: 91/91 MP: 9/9
  9575 | D:10     | Entered Level 10 of the Dungeon
  9791 | D:10     | Found an ornate altar of the Wu Jian Council.
  9844 | D:10     | Noticed a gargoyle
  9851 | D:10     | Killed a gargoyle
 10024 | D:10     | Found Nisulamm's Distillery.
 10225 | D:10     | Found a transporter.
 10302 | D:10     | Found a transporter.
 10368 | D:10     | Found a transporter.
 10375 | D:10     | Found a transporter.
 10492 | D:10     | Found a transporter.
 10496 | D:10     | Found a transporter.
 10583 | D:10     | Reached skill level 10 in Fighting
 10741 | D:10     | Reached skill level 10 in Axes
 10978 | D:11     | Found a staircase to the Lair.
 10992 | D:11     | Noticed a cyclops
 11014 | D:11     | Killed a cyclops
 11169 | Lair:1   | Entered Level 1 of the Lair of Beasts
 11173 | Lair:1   | Reached skill level 10 in Armour
 11205 | Lair:1   | Reached XP level 11. HP: 51/101 MP: 10/10
 12013 | Lair:1   | Noticed a six-headed hydra
 12025 | Lair:1   | Killed a two-headed hydra
 12384 | Lair:2   | Noticed a catoblepas
 12394 | Lair:2   | Noticed a four-headed hydra
 12411 | Lair:2   | Killed a one-headed hydra
 12412 | Lair:2   | Reached skill level 10 in Dodging
 12415 | Lair:2   | Killed a catoblepas
 12778 | Lair:2   | Noticed an eight-headed hydra
 12793 | Lair:2   | Killed a six-headed hydra
 13190 | Lair:2   | Reached XP level 12. HP: 113/113 MP: 11/11
 13496 | Lair:2   | Noticed a six-headed hydra
 13503 | Lair:2   | Killed a four-headed hydra
 13605 | Lair:2   | Found a staircase to the Shoals.
 14714 | Lair:3   | Found a runed translucent door.
 14852 | Lair:3   | Noticed Amaemon
 14877 | Lair:3   | Killed Amaemon
 14949 | Lair:3   | Found a frozen archway.
 14972 | IceCv    | Entered an ice cave
 16251 | IceCv    | Noticed a reaper
 16272 | IceCv    | HP: 3/115 [reaper/+2 scythe of freezing (10)]
 16272 | IceCv    | HP: 1/115 [reaper/+2 scythe of freezing (2)]
 16273 | IceCv    | Slain by an ice devil

Illustrated notes

Levels and vault maps discovered:
D:1:      nicolae_arrival_memento_mori, layout_basic, basic_ecumenical_altar,
          minmay_rat_gold_closets
D:2:      layout_loops_corners, serial_rivers, chequers_serial_rivers_small_b,
          chequers_serial_rivers_micro_a, chequers_serial_rivers_small_b,
          chequers_serial_rivers_micro_b, chequers_serial_rivers_small_3,
          chequers_serial_rivers_micro_a, serial_shops, nicolae_shop_trees,
          nicolae_shop_behind_doors, shop, nicolae_shop_advertising_works
          [nicolae_subvault_shop_adworks], minmay_pentomino_pile
D:3:      layout_basic
D:4:      layout_rooms, mainiacjoe_overflow_large_starburst
D:5:      layout_basic, serial_shops, nicolae_stop_n_shop_1
D:6:      layout_gridville, fedhas_altar_2, serial_shops,
          nicolae_shop_overgrown_old_shop
D:7:      layout_rooms, minmay_temple_entry_water_ring, serial_shops, shop,
          grunt_decor_arrowhead
D:8:      layout_rooms, mainiacjoe_overflow_alcove_1
D:9:      layout_cave_pools, serial_shops, shop_fountains,
          hangedman_weighted_door
D:10:     layout_gridville, lemuel_crystal_altar, serial_shops,
          nicolae_shop_statue_plus, serial_nicolae_subway,
          nicolae_sub_station_stone, nicolae_sub_station_crystal,
          nicolae_sub_station_metal
D:11:     layout_irregular_city, dpeg_oklobed_lair
Lair:1:   layout_chaotic_city, serial_bayou_shore_b
Lair:2:   layout_long_grid, minmay_shoals_entry_beasts,
          nicolae_lair_run_with_the_wolves
Lair:3:   gammafunk_indiana_jones, layout_regular_city,
          guppyfry_snake_entry_garden, portal_ice_cave_demonic_guard,
          disabler_island, uniq_amaemon
IceCv:    ice_cave_small_demon

Skill      XL: |  1  2  3  4  5  6  7  8  9 10 11 12 |
---------------+-------------------------------------+-----
Axes           | 4 5 6 8 9 10 12 13 | 13.4
Fighting       | 4 5 6 8 9 10 12 13 | 13.5
Armour         | 3 4 5 7 8 10 11 13 | 13.1
Dodging        | 3 4 5 6 8 9 11 12 | 12.1

Action                   |  1- 3 |  4- 6 |  7- 9 | 10-12 || total
-------------------------+-------+-------+-------+-------++-------
Melee: Hand axe          |   102 |    79 |   212 |   443 ||   836
       Headbutt          |    16 |    15 |    34 |   144 ||   209
       Punch             |       |     1 |     2 |     6 ||     9
Throw: Stone             |       |       |       |     2 ||     2
Invok: Berserk           |       |     4 |    18 |    26 ||    48
       Trog's Hand       |       |     2 |     6 |     1 ||     9
  Use: Scroll            |     1 |     1 |       |       ||     2
       Potion            |       |       |       |     1 ||     1
 Stab: Sleeping          |     1 |       |       |       ||     1
       Petrified         |       |       |       |     3 ||     3
Armor: Animal skin       |     2 |       |       |       ||     2
       Chain mail        |    41 |    38 |    78 |       ||   157
       Plate armour      |       |       |    18 |   208 ||   226
Dodge: Dodged            |    38 |    36 |   103 |   194 ||   371
Block: Buckler           |       |       |       |     6 ||     6
